AoeStats
← 騷護士

Lombardia

509873182Analyzed
4v4 RM · 5d ago on Sep 28, 2026· 42m 51s· 8 players
Game mode
Random Map
Map size
Large (8 player)
Population
200
Speed
Normal
Resources
Standard
Victory
Conquest
Starting age
Dark Age
Ending age
Imperial Age
RankedLock teamsTeams togetherTeam positionsShared explorationLock speedFull tech treeHidden civsTurbo modeCheats
Victory
Defeat
🇹🇼 Japanese · Taiwan
1544
+14
🇹🇼 Khmer · Taiwan
1469
+17
🇭🇰 Jurchens · Hong Kong SAR China
1392
+20
🇦🇺 Hindustanis · Australia
1386
+21
🇨🇳 Maya · China
1516
-19
🇨🇳 Tatars · China
1495
-18
1492
-18
🇺🇸 Hindustanis · United States
1475
-17
Chiripa605
5:04 Loom
11:16 Feudal Age
15:43 Castle Age
16:06 Double-Bit Axe
24:53 Bow Saw
27:58 Horse Collar
29:08 Heavy Plow
30:13 Squires
32:50 Gold Mining
33:42 Stone Mining
36:07 Wheelbarrow
35:51 Bloodlines
35:41 Husbandry
37:55 Hand Cart
37:58 Scale Barding Armor
42:10 Imperial Age
40:14 Forging
41:15 Chain Barding Armor
43:30 Plate Barding Armor
42:17 Heavy Camel Rider
我是你巴巴
0:30 Loom
11:45 Feudal Age
15:42 Castle Age
14:25 Horse Collar
22:39 Fletching
23:27 Double-Bit Axe
24:35 Padded Archer Armor
26:53 Wheelbarrow
27:04 Bodkin Arrow
29:07 Town Watch
29:53 Bow Saw
32:14 Hand Cart
34:59 Leather Archer Armor
34:14 Pikeman
35:01 Squires
36:41 Ballistics
37:29 Scale Mail Armor
37:39 Forging
41:12 Imperial Age
41:57 Halberdier
丙酮酸嗦话梅
5:36 Loom
9:03 Feudal Age
10:58 Double-Bit Axe
11:17 Town Watch
11:59 Horse Collar
19:59 Castle Age
18:23 Gold Mining
21:12 Bow Saw
21:37 Fletching
23:08 Wheelbarrow
22:42 Bodkin Arrow
23:33 Bloodlines
23:23 Husbandry
24:08 Padded Archer Armor
26:07 Hand Cart
29:28 Leather Archer Armor
29:57 Ballistics
33:29 Heavy Plow
35:47 Gold Shaft Mining
38:17 Imperial Age
38:25 Imperial Age
39:12 Bracer
40:14 Chemistry
38:36 Heavy Cavalry Archer
41:16 Ring Archer Armor
微变等效电路法
10:15 Feudal Age
10:54 Loom
16:09 Castle Age
15:38 Double-Bit Axe
24:40 Bow Saw
25:29 Horse Collar
27:04 Forging
29:22 Scale Barding Armor
29:30 Bloodlines
30:10 Wheelbarrow
31:21 Hand Cart
31:02 Gold Mining
33:06 Stone Mining
38:04 Imperial Age
35:36 Husbandry
35:59 Chain Barding Armor
35:47 Heavy Plow
37:00 Masonry
37:56 Iron Casting
39:42 Plate Barding Armor
38:28 Cavalier
40:26 Two-Man Saw
41:02 Paladin
大漁哥哥
11:33 Feudal Age
14:52 Castle Age
13:02 Double-Bit Axe
13:11 Horse Collar
17:13 Bow Saw
21:23 Heavy Plow
23:13 Fervor
24:05 Wheelbarrow
24:52 Loom
25:25 Hand Cart
25:32 Bloodlines
26:14 Husbandry
27:14 Scale Barding Armor
27:19 Forging
28:20 Chain Barding Armor
28:15 Gold Mining
30:09 Gold Shaft Mining
29:26 Stone Mining
33:35 Imperial Age
31:42 Iron Casting
34:01 Cavalier
35:18 Plate Barding Armor
35:44 Blast Furnace
35:16 Crop Rotation
35:16 Caravan
34:59 Elite Battle Elephant
35:41 Tusk Swords
36:06 Conscription
37:09 Chemistry
36:29 Ballistics
36:20 Masonry
40:43 Architecture
NØRTHLANE
7:28 Loom
11:11 Feudal Age
16:25 Castle Age
14:45 Double-Bit Axe
15:33 Horse Collar
17:22 Bow Saw
20:48 Wheelbarrow
20:15 Town Watch
24:07 Heavy Plow
24:43 Gold Mining
25:45 Hand Cart
26:07 Stone Mining
26:12 Fletching
27:00 Town Patrol
27:38 Gold Shaft Mining
27:53 Light Cavalry
29:10 Scale Barding Armor
31:41 Bloodlines
31:31 Husbandry
32:26 Chain Barding Armor
36:20 Imperial Age
36:31 Forging
36:16 Bodkin Arrow
36:22 Padded Archer Armor
36:42 Heavy Camel Rider
38:02 Plate Barding Armor
37:50 Conscription
38:31 Two-Man Saw
37:54 Ballistics
38:36 Chemistry
38:37 Imperial Camel Rider
39:37 Hussar
40:56 Iron Casting
42:15 Siege Engineers
42:51 Bracer
43:52 Blast Furnace
騷護士
5:53 Loom
10:13 Feudal Age
10:40 Man-at-Arms
11:06 Arson
11:15 Double-Bit Axe
11:32 Man-at-Arms
15:46 Scale Mail Armor
19:46 Horse Collar
20:46 Wheelbarrow
24:32 Castle Age
26:46 Hand Cart
31:37 Bow Saw
33:07 Stone Mining
33:11 Gold Mining
36:37 Imperial Age
34:41 Yasama
35:51 Gold Shaft Mining
35:29 Guard Tower
35:39 Murder Holes
38:06 Keep
37:17 Arrowslits
37:52 Ballistics
38:04 Fletching
38:15 Padded Archer Armor
38:36 Chain Mail Armor
39:13 Forging
38:59 Bodkin Arrow
38:49 Treadmill Crane
40:10 Chemistry
40:22 Plate Mail Armor
39:53 Bracer
40:12 Elite Samurai
41:13 Conscription
kinwaleung18
8:54 Feudal Age
9:13 Loom
9:40 Double-Bit Axe
14:35 Forging
17:41 Scale Barding Armor
19:02 Wheelbarrow
19:21 Bloodlines
19:39 Horse Collar
24:50 Castle Age
24:59 Light Cavalry
25:41 Husbandry
26:16 Bow Saw
26:42 Chain Barding Armor
28:40 Town Watch
28:40 Town Watch
30:31 Gold Mining
31:52 Stone Mining
32:51 Fletching
34:38 Hand Cart
35:40 Heavy Plow
36:40 Gold Shaft Mining
40:04 Imperial Age
38:45 Stone Shaft Mining
38:37 Treadmill Crane
39:17 Ballistics
39:52 Guard Tower
41:25 Plate Barding Armor
41:27 Iron Casting
41:19 Conscription
42:23 Iron Casting
41:54 Elite Iron Pagoda
43:17 Masonry
Connection lost

Rejoining the realm…

Still unreachable

The connection could not be restored.

Session expired

The server has moved on; the page needs a fresh start.